 Dungeon Crawl Stone Soup version 0.18.1-48-g4cf74bf (console) character file.

383 Kloppie the Skirmisher (level 6, -7/84 HPs)
             Began as a Draconian Berserker on Aug 16, 2016.
             Was a Priest of Trog.
             Mangled by an orc priest
             ... wielding a +0 mace
              (10 damage)
             ... on level 4 of the Dungeon.
             The game lasted 00:05:28 (3399 turns).

Kloppie the Skirmisher (Draconian Berserker)        Turns: 3399, Time: 00:05:28

Health: -7/84      AC:  8    Str: 24    XL:     6   Next: 47%
Magic:  6/6        EV: 15    Int:  8    God:    Trog [***...]
Gold:   17         SH:  3    Dex: 12    Spells: 0 memorised, 5 levels left

rFire  . . .     SeeInvis .     a - +0 spear
rCold  . . .     Gourm    .     (armour unavailable)
rNeg   . . .     Faith    .     r - +0 buckler
rPois  .         Spirit   .     (helmet restricted)
rElec  .         Dismiss  .     x - +0 cloak
rCorr  .         Reflect  .     d - +0 pair of gloves
SustAt .         Harm     .     (no boots)
MR     .....                    (no amulet)
Stlth  ..........               (no ring)
                                c - +2 ring of evasion

@: berserking (expiring), very quick, not resistant to hostile enchantments,
extremely unstealthy
A: unfitting armour, cold-blooded, AC +6
a: Berserk, Trog's Hand, Burn Spellbooks, Renounce Religion


You were on level 4 of the Dungeon.
You worshipped Trog.
Trog was most pleased with you.
You were not hungry.

You visited 1 branch of the dungeon, and saw 4 of its levels.

You collected 134 gold pieces.
You spent 117 gold pieces at shops.

Inventory:

Hand Weapons
 a - a +0 spear (weapon)
Armour
 d - a +0 pair of gloves (worn)
 r - a +0 buckler (worn)
 x - a +0 cloak (worn)
Jewellery
 c - a +2 ring of evasion (left hand)
 j - an uncursed ring of ice
 w - an uncursed ring of fire
Scrolls
 e - a scroll of enchant weapon {unknown}
 f - 2 scrolls of immolation {unknown}
 g - 2 scrolls of noise {unknown}
 h - 4 scrolls of identify {unknown}
 k - 2 scrolls of fog {unknown}
 l - a scroll of magic mapping {unknown}
 m - 2 scrolls of remove curse {unknown}
 n - a scroll of teleportation {unknown}
 p - 2 scrolls of enchant armour {unknown}
 t - a scroll of fear {unknown}
Potions
 o - 6 potions of curing {unknown}
 q - a potion of degeneration {unknown}
 s - a potion of agility
 u - a potion of magic {unknown}
 A - 2 potions of resistance {unknown}
 B - a potion of heal wounds {unknown}
Comestibles
 b - 3 bread rations
 i - a slice of pizza
 v - 4 fruits
 z - a beef jerky


   Skills:
 + Level 5.2 Fighting
 + Level 4.9 Polearms
 - Level 4.2 Dodging
 + Level 1.2 Shields


You had 5 spell levels left.
You didn't know any spells.

Dungeon Overview and Level Annotations

Branches:
Dungeon (4/15)
 Temple: D:4-7

Altars:
Ashenzari
Cheibriados
Okawaru
Qazlal

Shops:
D:4 :[


Innate Abilities, Weirdness & Mutations

Your plain brown scales are hard (AC +6).
Your body does not fit into most forms of armour.
You are cold-blooded and may be slowed by cold attacks.


Message History

The orc priest hits you with a dagger.
* * * LOW HITPOINT WARNING * * *
Items here: ) ? [ †† a club; a ring mail; a scroll labeled COBLONL RIUCO; an orc corpse x2
You closely miss the orc priest. You hit the orc priest.
The orc priest is moderately wounded.
The orc priest hits you with a dagger.
* * * LOW HITPOINT WARNING * * *
You puncture the orc priest!
You kill the orc priest!
Trog accepts your kill. The orc priest hits you with a mace.
* * * LOW HITPOINT WARNING * * *
Things that are here:
a dagger; an orc corpse You puncture the orc priest!
The orc priest is severely wounded.
The orc priest hits you with a mace!
You die...

############
#.....)@oo.#
########.########.#
#.............#
#.######.####.# #
#.# #.# ###.## #.#
.#...## #.# ......#
#.# .#..........


You could see an orc priest and an orc.

Vanquished Creatures
  The ghost of Killer the Covered, an amateur HuFi (D:3)
  A scorpion (D:4)
  Crazy Yiuf (D:2)
  2 orc priests
  6 adders
  2 oozes
  2 worms
  2 dart slugs
  4 giant geckos
  4 orcs
  2 ball pythons
  9 bats
  4 giant cockroaches
  11 goblins
  15 hobgoblins
  5 jackals
  9 kobolds
  5 giant newts
  7 rats
92 creatures vanquished.

Notes
Turn   | Place    | Note
--------------------------------------------------------------
     0 | D:1      | Kloppie the Draconian Berserker began the quest for the Orb.
     0 | D:1      | Reached XP level 1. HP: 19/19 MP: 1/1
    57 | D:1      | Reached XP level 2. HP: 25/26 MP: 2/2
   348 | D:1      | You fall through a shaft!
   596 | D:1      | Reached XP level 3. HP: 29/31 MP: 3/3
  1323 | D:2      | Reached ** piety under Trog
  1515 | D:2      | Reached skill level 4 in Fighting
  1524 | D:2      | Reached XP level 4. HP: 40/40 MP: 4/4
  1684 | D:2      | Found an iron altar of Okawaru.
  1685 | D:2      | Found a stormy altar of Qazlal.
  1686 | D:2      | Found a snail-covered altar of Cheibriados.
  1690 | D:2      | Found a shattered altar of Ashenzari.
  1855 | D:2      | Noticed Crazy Yiuf
  1867 | D:2      | Killed Crazy Yiuf
  2050 | D:3      | Noticed Killer's ghost (amateur HuFi)
  2063 | D:3      | Killed Killer's ghost
  2063 | D:3      | Reached XP level 5. HP: 47/47 MP: 5/5
  2457 | D:3      | Reached *** piety under Trog
  2564 | D:3      | Reached XP level 6. HP: 55/55 MP: 6/6
  2934 | D:3      | Reached skill level 5 in Fighting
  3220 | D:4      | Found Iseonk's Book Shoppe.
  3263 | D:4      | Reached skill level 1 in Shields
  3318 | D:4      | Found Kiumih's Antique Armour Boutique.
  3324 | D:4      | Bought a pair of gloves for 117 gold pieces
  3398 | D:4      | HP: 3/84 [orc priest/mace (6)]
  3399 | D:4      | Mangled by an orc priest

Skill      XL: |  1  2  3  4  5  6 |
---------------+-------------------+-----
Dodging        | 3 4 |  4.2
Fighting       | 4 5 |  5.2
Polearms       | 4 |  4.9
Shields        | 1 |  1.2

Action                   |  1- 3 |  4- 6 || total
-------------------------+-------+-------++-------
Melee: Spear             |   139 |   201 ||   340
       Tailslap          |    16 |    11 ||    27
Invok: Berserk           |       |     5 ||     5
       Trog's Hand       |       |     2 ||     2
 Stab: Sleeping          |     2 |     1 ||     3
  Eat: Chunk             |     2 |     8 ||    10
       Meat ration       |       |     1 ||     1
Armor: Skin              |    28 |    28 ||    56
Dodge: Dodged            |    55 |    75 ||   130
Block: Buckler           |       |     5 ||     5
